 Dungeon Crawl Stone Soup version 0.29.1-15-g9cfb28693d (webtiles) character file.

Game seed: 12062160922910523521

238 Farfigtubin the Chopper (level 6, 0/47 (52) HPs)
             Began as a Hill Orc Fighter on Feb 24, 2023.
             Slain by a hell rat (7 damage)
             ... in a sewer.
             The game lasted 00:10:50 (2231 turns).

Farfigtubin the Chopper (Hill Orc Fighter)          Turns: 2231, Time: 00:10:50

HP:   0/47 (52)     AC:  9    Str: 21    XL:     6   Next: 7%
MP:   6/6           EV:  9    Int:  8    God:
Gold: 112           SH:  4    Dex: 10    Spells: 5/5 levels left

rFire   . . .      SeeInvis .   a - +0 war axe
rCold   . . .      Faith    .   c - +0 buckler
rNeg    . . .      Spirit   .   b - +0 scale mail
rPois   .          Reflect  .   (no helmet)
rElec   .          Harm     .   h - +0 cloak
rCorr   .          Rampage  .   (no gloves)
Will    .....                   r - +0 pair of boots
Stlth   ..........              (no amulet)
HPRegen 0.15/turn               (no ring)
MPRegen 0.10/turn               (no ring)

@: drained
A: no striking features
a: no special abilities


You were in a sewer.
You visited 1 branch of the dungeon, and saw 3 of its levels.
You also visited: Sewer.

You collected 112 gold pieces.

Inventory:

Hand Weapons
 a - a +0 war axe (weapon)
Missiles
 e - 4 boomerangs (quivered)
 i - 56 stones
 o - a throwing net
Armour
 b - a +0 scale mail (worn)
 c - a +0 buckler (worn)
 h - a +0 cloak (worn)
 r - a +0 pair of boots (worn)
Wands
 q - a wand of paralysis (9)
Scrolls
 d - a scroll of silence {unknown}
 f - 3 scrolls of identify {unknown}
 j - a scroll of noise {unknown}
 m - a scroll of poison {unknown}
 n - a scroll of enchant armour {unknown}
 p - a scroll of teleportation {unknown}
Potions
 g - a potion of curing {unknown}
 k - 2 potions of attraction {unknown}
 l - a potion of berserk rage {unknown}
 s - 2 potions of flight {unknown}
 t - a potion of ambrosia {unknown}


   Skills:
 - Level 4.0 Fighting
 * Level 5.6 Axes
 + Level 4.4 Armour
 + Level 4.3 Shields
 + Level 1.3 Evocations


You had 5 spell levels left.
You didn't know any spells.
Your spell library contained the following spells:

 Spells                   Type           Power      Damage    Failure   Level
 Sandblast                Erth           0%         2d4       83%         1
 Passwall                 Tmut/Erth      0%         N/A       92%         2
 Static Discharge         Conj/Air       0%         3-3/arc   92%         2
 Stone Arrow              Conj/Erth      0%         3d7       99%         3
 Dispel Undead            Necr           0%         3d6       100%        4
 Sticky Flame             Conj/Fire      0%         2d3       100%        4


Dungeon Overview and Level Annotations

Branches:
Dungeon (3/15)              Sewer (1/1)

Altars:


Message History

You barely miss the hell rat. The hell rat bites you.
You feel drained. The hell rat barely misses you.
You hit the hell rat but do no damage. The hell rat misses you.
You hit the hell rat.
The hell rat is lightly wounded.
The hell rat bites you.
You feel drained. You block the hell rat's attack.
You hit the hell rat.
The hell rat is heavily wounded.
The hell rat barely misses you.
You hit the hell rat but do no damage.
The hell rat is heavily wounded.
The hell rat bites you but does no damage.
You block the hell rat's attack.
You barely miss the hell rat.
The hell rat is heavily wounded.
The hell rat bites you but does no damage.
You barely miss the hell rat.
The hell rat is heavily wounded.
The hell rat barely misses you. x2
You hit the hell rat but do no damage.
The hell rat is heavily wounded.
The hell rat bites you but does no damage.
You hit the hell rat.
The hell rat is severely wounded.
The hell rat bites you. The hell rat barely misses you.
You hit the hell rat but do no damage.
The hell rat is severely wounded.
The hell rat bites you!
* * * LOW HITPOINT WARNING * * *
You feel drained.
The hell rat bites you but does no damage.
You barely miss the hell rat.
The hell rat is severely wounded.
The hell rat bites you but does no damage.
You hit the hell rat but do no damage.
The hell rat is severely wounded.
The hell rat bites you.
* * * LOW HITPOINT WARNING * * *
The hell rat bites you!
You die...

###..~~.∩~~~~~###
#...~.#####.~..~#
##.†~###?∩!###~~~##
#~†~##~?!(??.##...#
#~.~#~..~~~.~.#~.~#
#~~.##.~~~~~.##~.~#
##~~.###.~~###~.~##
#.~~.~##r##†~~~.#
###~~~~@.~.†.~###
###.~~.~~.###
#########


You could see a hell rat.

Vanquished Creatures
  An ice beast (D:3)
  Jessica (D:2)
  2 adders
  3 gnolls (D:2)
  2 river rats (Sewer)
  A worm (D:3)
  A dart slug (D:2)
  3 endoplasms
  4 giant cockroaches
  4 goblins
  8 hobgoblins
  3 jackals (D:1)
  3 kobolds
  A quokka (D:3)
  2 ball pythons (D:1)
  A bat (D:1)
  2 frilled lizards (D:1)
  9 rats
51 creatures vanquished.

Notes
Turn   | Place    | Note
-------+----------+-------------------------------------------
     0 | D:1      | Farfigtubin the Hill Orc Fighter began the quest for the
                  | Orb.
     0 | D:1      | Reached XP level 1. HP: 19/19 MP: 1/1
   115 | D:1      | Reached skill level 3 in Axes
   240 | D:1      | Reached XP level 2. HP: 27/27 MP: 2/2
   572 | D:2      | Noticed Jessica
   580 | D:2      | Killed Jessica
   581 | D:2      | Reached XP level 3. HP: 21/33 MP: 3/3
   586 | D:2      | Reached skill level 4 in Axes
   700 | D:2      | Reached XP level 4. HP: 35/40 MP: 4/4
  1812 | D:3      | Noticed an ice beast
  1823 | D:3      | Killed an ice beast
  1824 | D:3      | Reached skill level 5 in Axes
  1824 | D:3      | Reached skill level 1 in Evocations
  1824 | D:3      | Reached XP level 5. HP: 25/46 MP: 5/5
  2065 | D:3      | Found a glowing drain.
  2086 | Sewer    | Entered a sewer
  2092 | Sewer    | Reached XP level 6. HP: 51/52 MP: 6/6
  2231 | Sewer    | Slain by a hell rat

Illustrated notes

Levels and vault maps discovered:
D:1:      dpeg_arrival_round_c, layout_rooms, minmay_misc_feat_secret_circle,
          minmay_misc_feat_tower
D:2:      layout_rooms, uniq_jessica
D:3:      layout_basic, gup_sewer_entry_glass
Sewer:    sewer_hellmonk_bad_rat

Skill      XL: |  1  2  3  4 |
---------------+-------------+-----
Axes           | 3 4 5 |  5.6
Fighting       | 4 |  4.0
Armour         | 4 |  4.4
Shields        | 4 |  4.3
Evocations     | 1 |  1.3

Action                   |  1- 3 |  4- 6 || total
-------------------------+-------+-------++-------
Melee: War axe           |    53 |   109 ||   162
Throw: Boomerang         |     6 |     2 ||     8
  Use: Potion            |       |     1 ||     1
Armor: Scale mail        |    23 |    40 ||    63
Dodge: Dodged            |    21 |    40 ||    61
Block: Buckler           |    11 |    16 ||    27
